Map: Orbital Shipyard

Players

MelloW (Nina) - Winner!

  • Race: Protoss Protoss
  • League: Grandmaster

Bomber

  • Race: Terran Terran

Event: DreamHack ROCCAT LotV Championship

VOD

Have the link to the VOD?

Description

Time

  • Played on: Nov. 26, 2015, 3:31 p.m.
  • Length: 11:10

All games in this series

Show
View Real Time Build Order
Export as new Build Order

MelloW Protoss - Winner!

Build Orders: Nexus First 

Get SALT Encoding   

  12  0:00  Probe (Chrono Boost)  
  13  0:11  Probe (Chrono Boost)  
  14  0:17  Pylon  
  14  0:22  Probe (Chrono Boost)  
  15  0:36  Probe (Chrono Boost)  
  16  0:46  Probe (Chrono Boost)  
  17  0:57  Nexus  
  17  1:01  Probe (Chrono Boost)  
  18  1:10  Gateway  
  18  1:13  Probe (Chrono Boost)  
  18  1:18  Assimilator  
  19  1:23  Assimilator  
  19  1:26  Probe (Chrono Boost)  
  20  1:33  Pylon  
  20  1:37  Probe (Chrono Boost)  
  21  1:47  Probe (Chrono Boost)  
  22  1:57  Cybernetics Core  
  22  1:59  Probe (Chrono Boost)  
  23  2:08  Probe (Chrono Boost)  
  23  2:09  Probe (Chrono Boost)  
  25  2:19  Probe (Chrono Boost)  
  25  2:20  Probe (Chrono Boost)  
  27  2:29  Probe (Chrono Boost)  
  28  2:30  Probe (Chrono Boost)  
  28  2:34  Adept (Chrono Boost)  
  28  2:35  Warp Gate  
  31  2:38  Probe, Robotics Facility  
  31  2:43  Mothership Core (Chrono Boost)  
  34  2:49  Probe (Chrono Boost)  
  35  2:51  Pylon  
  35  2:55  Assimilator  
  35  3:01  Probe (Chrono Boost)  
  35  3:03  Probe (Chrono Boost)  
  37  3:10  Adept  
  37  3:12  Probe (Chrono Boost)  
  40  3:14  Probe (Chrono Boost)  
  41  3:21  Pylon  
  41  3:22  Probe (Chrono Boost)  
  41  3:24  Probe (Chrono Boost)  
  43  3:29  Robotics Bay  
  43  3:31  Probe (Chrono Boost)  
  43  3:32  Observer (Chrono Boost)  
  45  3:35  Probe  
  46  3:42  Probe  
  46  3:47  Probe  
  48  3:51  Warp Prism (Chrono Boost)  
  48  3:52  Probe  
  51  3:59  Probe  
  51  4:01  Nexus  
  52  4:03  Probe  
  53  4:11  Probe  
  53  4:13  Probe  
  53  4:16  Gateway  
  55  4:20  Gravitic Drive  
  55  4:22  Disruptor (Chrono Boost)  
  58  4:26  Probe  
  58  4:27  Gateway  
  58  4:31  Gateway  
  59  4:32  Probe  
  59  4:34  Pylon  
  60  4:43  Probe  
  61  4:46  Probe  
  61  4:49  Gateway  
  61  4:50  Gateway  
  61  4:51  Pylon  
  62  4:55  Probe, Disruptor (Chrono Boost)  
  62  4:56  Probe  
  67  5:05  Assimilator  
  68  5:07  Probe  
  68  5:10  Probe  
  68  5:11  Twilight Council  
  68  5:12  Probe  
  70  5:19  Probe  
  70  5:21  Probe  
  71  5:26  Disruptor (Chrono Boost)  
  71  5:27  Probe  
  75  5:31  Probe x2  
  78  5:37  Probe  
  79  5:43  Probe  
  79  5:45  Forge  
  79  5:49  Stalker x3  
  86  5:50  Sentry  
  86  5:51  Pylon  
  86  5:54  Probe, Disruptor (Chrono Boost), Pylon  
  89  5:57  Probe  
  89  6:00  Blink (Chrono Boost)  
  93  6:06  Pylon  
  93  6:07  Probe  
  93  6:08  Pylon  
  93  6:09  Probe  
  93  6:10  Pylon  
  95  6:13  Pylon  
  95  6:15  Pylon  
  95  6:17  Pylon  
  92  6:19  Probe  
  93  6:26  Probe  
  93  6:30  Assimilator x2  
  94  6:33  Stalker x3  
  94  6:34  Pylon  
  94  6:36  Pylon  
  94  6:38  Pylon  
  100  6:44  Gateway  
  100  6:45  Gateway  
  100  6:49  Photon Cannon  
  100  6:53  Stalker x2  
  100  6:54  Photon Cannon  
  104  7:06  Adept x2  
  104  7:07  Adept x2  
  110  7:19  Adept x2  
  114  7:25  Gateway  
  114  7:28  Adept x2  
  114  7:29  Gateway, Adept, Pylon  
  114  7:39  Forge  
  114  7:42  Adept x3  
  118  7:57  Adept  
  118  7:58  Adept x2  
  122  8:00  Nexus  
  122  8:02  Forge  
  122  8:03  Pylon  
  122  8:04  Pylon  
  120  8:06  Sentry  
  120  8:12  Pylon  
  122  8:15  Pylon  
  122  8:16  Pylon  
  121  8:29  Adept x3  
  121  8:30  Adept  
  121  8:33  Stalker x2  
  133  8:35  Disruptor  
  133  8:41  Nexus  
  136  8:42  Pylon  
  136  8:43  Pylon  
  136  8:56  Stalker x4  
  136  8:57  Stalker x4  
  149  9:17  Protoss Ground Weapons Level 1 (Chrono Boost), Protoss Ground Armor Level 1 (Chrono Boost)  
  124  9:20  Stalker x4  
  124  9:21  Stalker x2  
  124  9:23  Disruptor  
  122  9:25  Stalker  
  114  9:45  Sentry  
  114  9:46  Sentry x3  
  114  9:47  Adept  
  120  9:54  Disruptor  
  120  9:57  Adept x2  
  121  10:10  Adept  
  119  10:17  Stalker  
  119  10:18  Stalker x2  
  103  10:28  Disruptor  
  104  10:38  Stalker x3  
  104  10:39  Stalker x2  
  114  10:46  Stalker x3  
  114  10:47  Photon Cannon  
Show
View Real Time Build Order
Export as new Build Order

Bomber Terran 

Build Orders: Command Center First (CC), MMM Bio 

Get SALT Encoding   

  12  0:00  SCV  
  13  0:13  SCV  
  14  0:17  Supply Depot  
  14  0:25  SCV  
  15  0:39  SCV  
  16  0:51  SCV  
  17  0:59  Command Center  
  17  1:03  SCV  
  18  1:13  Barracks  
  18  1:15  SCV  
  19  1:25  Barracks  
  19  1:28  SCV  
  20  1:40  Barracks  
  20  1:41  SCV  
  21  1:55  Refinery  
  21  1:59  Marine, Orbital Command  
  22  2:10  Orbital Command  
  22  2:12  Marine  
  23  2:18  Marine  
  24  2:25  SCV  
  24  2:27  Marine  
  26  2:30  Marine  
  26  2:36  Marine  
  26  2:37  SCV x2  
  29  2:41  Supply Depot  
  30  2:45  Marine  
  30  2:48  Barracks Tech Lab  
  30  2:49  SCV x2  
  33  2:54  Marine  
  34  3:01  SCV x2, Refinery  
  36  3:05  Marine  
  36  3:06  Supply Depot  
  36  3:07  Marine  
  36  3:09  Stimpack  
  36  3:12  Marine  
  39  3:13  SCV  
  39  3:14  SCV  
  41  3:21  Supply Depot  
  41  3:24  Marine  
  41  3:25  SCV, Marauder  
  41  3:26  SCV  
  46  3:30  Marine  
  46  3:32  Engineering Bay  
  47  3:37  SCV  
  47  3:38  SCV  
  49  3:42  Marine  
  49  3:44  Factory  
  50  3:48  Refinery  
  50  3:49  SCV, Marine  
  50  3:50  SCV  
  50  3:52  Marauder  
  55  3:59  Supply Depot  
  55  4:00  Marine  
  55  4:01  SCV  
  55  4:02  SCV  
  58  4:04  Terran Infantry Weapons Level 1  
  58  4:07  Marine  
  59  4:13  SCV, Marauder  
  62  4:17  Supply Depot  
  62  4:20  SCV, Marine  
  64  4:25  SCV, Marine  
  64  4:28  Starport  
  64  4:30  Factory Reactor  
  66  4:33  SCV  
  66  4:34  Supply Depot  
  66  4:35  Refinery  
  66  4:38  SCV, Marine  
  68  4:41  Marauder  
  68  4:43  Marine  
  68  4:45  SCV  
  73  4:50  SCV  
  73  4:52  Supply Depot  
  74  4:57  SCV, Supply Depot  
  76  5:02  SCV, Marauder  
  78  5:09  SCV  
  78  5:12  Command Center  
  79  5:14  Barracks Reactor  
  79  5:15  Barracks Reactor, Medivac x2  
  79  5:20  Supply Depot  
  83  5:27  Combat Shields, Marauder  
  85  5:29  SCV  
  85  5:32  Supply Depot  
  79  5:38  SCV  
  79  5:41  SCV  
  79  5:42  Missile Turret  
  81  5:46  Missile Turret  
  81  5:48  Medivac x2  
  85  5:53  SCV x2  
  85  5:56  Marine  
  85  5:57  Marauder  
  91  5:58  Marine  
  91  6:04  Terran Infantry Armor Level 1  
  91  6:07  Barracks Tech Lab  
  91  6:09  Barracks  
  91  6:12  Barracks  
  91  6:18  Marauder  
  97  6:22  Marine x2  
  97  6:25  Orbital Command  
  99  6:26  Marauder  
  101  6:39  Marauder  
  103  6:40  SCV, Medivac x2  
  103  6:41  SCV  
  103  6:46  Supply Depot  
  105  6:47  Supply Depot  
  105  6:52  Refinery  
  105  6:53  SCV x2, Marine  
  105  6:54  Marauder, Marine  
  111  6:58  Refinery  
  111  7:01  Marauder  
  113  7:04  Orbital Command  
  113  7:05  SCV  
  114  7:09  Barracks Tech Lab  
  114  7:15  Marauder  
  115  7:20  Armory, Supply Depot  
  115  7:21  Marine  
  115  7:22  Marauder, Marine x3  
  109  7:23  SCV x2  
  108  7:35  Starport  
  108  7:36  SCV, Barracks, Marauder  
  108  7:39  Marine  
  108  7:41  Medivac x2  
  108  7:42  SCV  
  108  7:43  Marauder  
  116  7:45  SCV, Supply Depot  
  116  7:49  Marauder  
  116  7:50  Marine x2  
  121  7:58  Marine, Marauder  
  114  7:59  Marine  
  114  8:00  SCV, Liberator x2  
  114  8:05  Marauder  
  111  8:08  Terran Infantry Weapons Level 2  
  111  8:11  Marauder  
  111  8:12  Engineering Bay  
  113  8:14  Marine x2  
  113  8:19  Marauder  
  123  8:25  Concussive Shells  
  123  8:26  Marauder  
  123  8:29  Marine x2  
  123  8:31  Barracks Reactor, Starport Reactor  
  123  8:32  Marauder, Marine  
  128  8:36  Marine  
  128  8:41  Marauder  
  131  8:43  Terran Infantry Armor Level 2  
  131  8:47  Command Center  
  125  8:54  Marauder, Marine x3  
  125  8:55  Marauder  
  132  9:00  Supply Depot, Medivac x2  
  132  9:01  Supply Depot, SCV x2  
  135  9:15  Marauder, Marine x3  
  135  9:16  Marauder x2  
  104  9:17  SCV x3  
  104  9:19  Marine x3  
  104  9:20  Liberator x2  
  91  9:28  Medivac x2  
  81  9:33  Marine x2  
  81  9:34  SCV, Orbital Command  
  81  9:36  SCV, Marauder  
  91  9:43  Marauder, Marine  
  91  9:44  Marine x3, Marauder  
  92  9:46  SCV  
  92  9:48  SCV  
  92  9:50  Marine  
  92  9:51  Marine  
  83  9:58  Marauder  
  83  9:59  SCV  
  74  10:00  SCV  
  74  10:01  SCV, Marine x3  
  74  10:02  Marine  
  74  10:05  Marauder x2  
  75  10:11  SCV  
  75  10:12  SCV  
  69  10:14  Marine  
  69  10:19  Marauder  
  69  10:20  SCV  
  67  10:26  SCV x2, Marauder  
  69  10:31  Marauder  
  69  10:32  SCV  
  72  10:38  Marine  
  72  10:40  SCV x2  
  72  10:41  Marauder  
  73  10:48  SCV, Marauder  
  76  10:52  SCV  

Tags
 
Add a new tag
Caveats
  • Supply blocks, unpowered buildings, or Contaminate may cause inaccurate times.
  • Supply counts are checked every 10 seconds.